 Dungeon Crawl Stone Soup version 0.24-a0-429-g4608c8fa30 (webtiles) character file.

Game seed: 12322598559531932180

190 Ijustatesigmund the Skirmisher (level 5, -2/62 HPs)
             Began as an Ogre Fighter on June 13, 2019.
             Was an Initiate of Cheibriados.
             Slain by Menkaure (21 damage)
             ... on level 5 of the Dungeon.
             The game lasted 00:06:32 (4164 turns).

Ijustatesigmund the Skirmisher (Ogre Fighter)       Turns: 4164, Time: 00:06:33

Health: -2/62      AC:  4    Str: 26    XL:     5   Next: 69%
Magic:  5/5        EV:  8    Int: 10    God:    Cheibriados [......]
Gold:   166        SH: 11    Dex: 10    Spells: 4/4 levels left

rFire    . . .     SeeInvis .   q - +2 war axe (chop)
rCold    . . .     Gourm    .   c - +0 shield
rNeg     . . .     Faith    .   b - +0 robe
rPois    .         Spirit   .   (helmet restricted)
rElec    .         Reflect  +   k - +0 cloak
rCorr    .         Harm     .   (gloves unavailable)
MR       .....                  (boots unavailable)
Stlth    +.........             n - +2 amulet of reflection
HPRegen  0.20/turn              l - ring of flight
MPRegen  0.09/turn              (no ring)

@: mighty, very slow
A: large, unfitting armour, tough skin 1
a: Bend Time, Renounce Religion, Evoke Flight


You were on level 5 of the Dungeon.
You worshipped Cheibriados.
Cheibriados was noncommittal.
You were very hungry.

You visited 2 branches of the dungeon, and saw 6 of its levels.

You collected 166 gold pieces.

Inventory:

Hand Weapons
 a - a +0 flail
 q - a +2 war axe of chopping (weapon)
Armour
 b - a +0 robe (worn)
 c - a +0 shield (worn)
 k - a +0 cloak (worn)
Jewellery
 g - an uncursed ring of poison resistance {unknown}
 l - a ring of flight (left hand)
 n - a +2 amulet of reflection (around neck)
Wands
 p - a wand of enslavement (5)
 s - a wand of iceblast (6)
Scrolls
 h - a scroll of amnesia
 i - a scroll of magic mapping
 m - 4 scrolls of teleportation
 o - a scroll of remove curse
Potions
 d - 2 potions of might
 e - 2 potions of flight
 j - a potion of agility
 r - 2 potions of brilliance
 t - a potion of degeneration {unknown}
Comestibles
 f - 8 rations


   Skills:
 + Level 7.5 Fighting
 + Level 1.6(2.1) Axes
 - Level 1.7(2.1) Maces & Flails
 + Level 3.0 Dodging
 - Level 2.6 Shields


You had 4 spell levels left.
You didn't know any spells.
Your spell library contained the following spells:

 Spells                   Type           Power        Failure   Level  Hunger
 Summon Small Mammal      Summ           #...         83%         1    ##.....
 Call Imp                 Summ           #.......     92%         2    ###....
 Call Canine Familiar     Summ           #.......     99%         3    ####...
 Summon Guardian Golem    Hex/Summ       #.......     99%         3    ####...
 Summon Ice Beast         Ice/Summ       #.......     100%        4    #####..
 Summon Lightning Spire   Summ/Air       #.......     100%        4    #####..


Dungeon Overview and Level Annotations

Branches:
Dungeon (5/15)             Temple (1/1) D:4

Altars:
Ashenzari
Cheibriados
Dithmenos
Elyvilon
Fedhas
Gozag
Hepliaklqana
Kikubaaqudgha
Makhleb
Nemelex Xobeh
Okawaru
Qazlal
Ru
Sif Muna
Trog
Uskayaw
Vehumet
Wu Jian
Xom
Yredelemnul
Zin

Shops:
D:4 [

Annotations:
D:5 Menkaure


Innate Abilities, Weirdness & Mutations

You are too large for most types of armour.
You have tough skin. (AC +1)


Message History

Menkaure, Prince of Dust comes into view.
Menkaure shouts!
Menkaure mumbles some strange words.
Menkaure seems to speed up.
Menkaure hits you.
You hit Menkaure.
Menkaure is lightly damaged.
Menkaure hits you! You block Menkaure's attack.
You hit Menkaure.
Menkaure is moderately damaged.
You block Menkaure's attack. Menkaure hits you!
You are too injured to fight recklessly!
You are too injured to fight recklessly!
You feel very mighty all of a sudden. You block Menkaure's attack.
Your shield prevents you from hitting Menkaure.
Menkaure is moderately damaged.
Menkaure casts a spell at you. Pain shoots through your body!
Menkaure hits you!!
You die...

. #.## #.#.. .#
#.... #.#
#....####.#
......##.# #
#.M..#.##.##
..##.#@.#......
..........$## #
.#.#...<....#.#
#.##.#...#.###
#.#.#..........#
..........#####
..#.#.........#
##........###.#
..#..###......#


You could see Menkaure.

Vanquished Creatures
  Ijyb (D:4)
  2 worker ants (D:4)
  4 adders
  3 oozes
  A worm (D:3)
  2 dart slugs
  A leopard gecko (D:4)
  An orc (D:3)
  3 giant cockroaches
  6 goblins
  9 hobgoblins
  2 jackals (D:2)
  9 kobolds
  3 quokkas
  A ball python (D:2)
  3 bats
  6 frilled lizards
  7 rats
64 creatures vanquished.

Notes
Turn   | Place    | Note
-------+----------+-------------------------------------------
     0 | D:1      | Ijustatesigmund the Ogre Fighter began the quest for the
                  | Orb.
     0 | D:1      | Reached XP level 1. HP: 24/24 MP: 1/1
   367 | D:1      | Reached XP level 2. HP: 31/33 MP: 2/2
   387 | D:1      | Reached skill level 5 in Fighting
  1148 | D:2      | Reached XP level 3. HP: 42/42 MP: 3/3
  1271 | D:2      | Reached skill level 6 in Fighting
  1564 | D:2      | Reached XP level 4. HP: 52/53 MP: 4/4
  2659 | D:3      | HP: 2/53 [adder (2)]
  2661 | D:3      | Reached skill level 7 in Fighting
  3350 | D:4      | Noticed Ijyb
  3363 | D:4      | Killed Ijyb
  3363 | D:4      | Reached skill level 1 in Axes
  3363 | D:4      | Reached XP level 5. HP: 58/62 MP: 5/5
  3417 | D:4      | Found a staircase to the Ecumenical Temple.
  3423 | Temple   | Entered the Ecumenical Temple
  3527 | Temple   | Became a worshipper of Cheibriados the Contemplative
  3899 | D:4      | Found Yfirhase's Antique Armour Shop.
  4151 | D:5      | Entered Level 5 of the Dungeon
  4157 | D:5      | Noticed Menkaure
  4164 | D:5      | Slain by Menkaure

Levels and vault maps discovered:
D:1:      psy_arrival_whirlpool, layout_loops_ring,
          minmay_misc_feat_more_columns, kennysheep_boxes
D:2:      layout_basic, first_ration
D:3:      layout_loops_corners
D:4:      layout_loops_ring, minmay_temple_entry_hall, serial_shops,
          nicolae_shop_trees, uniq_ijyb
D:5:      layout_basic, lemuel_coloured_pillars_altar, uniq_menkaure,
          uniq_blork_the_orc, uniq_crazy_yiuf_cottage
Temple:   roderic_octagonal_lattice_temple

Skill      XL: |  1  2  3  4  5 |
---------------+----------------+-----
Fighting       | 5 6 7 |  7.5
Axes           | 1 |  1.6
Dodging        | 3 |  3.0
Maces & Flails | |  1.7
Shields        | |  2.6

Action                   |  1- 3 |  4- 6 || total
-------------------------+-------+-------++-------
Melee: Flail             |    92 |    42 ||   134
       War axe           |       |    66 ||    66
  Use: Scroll            |     5 |     6 ||    11
       Potion            |       |     2 ||     2
 Stab: Sleeping          |       |     1 ||     1
  Eat: Chunk             |     2 |     4 ||     6
       Ration            |       |     1 ||     1
Armor: Robe              |    26 |    24 ||    50
Dodge: Dodged            |    45 |    28 ||    73
Block: Shield            |    37 |    51 ||    88

Table legend:
 A = Non-vault XP
 B = Vault XP
 C = Vault XP percentage of total XP
 D = Non-vault monster count
 E = Vault monster count
 F = Vault count percentage of total count
                 A         B        C        D         E       F
            +---------+---------+-------+---------+---------+-------
      Total |     237 |      35 |  12.9 |      63 |       1 |   1.6
            +---------+---------+-------+---------+---------+-------
        D:1 |      30 |       0 |   0.0 |      15 |       0 |   0.0
        D:2 |      70 |       0 |   0.0 |      21 |       0 |   0.0
        D:3 |      48 |       0 |   0.0 |      20 |       0 |   0.0
        D:4 |      89 |      35 |  28.2 |       7 |       1 |  12.5
            +---------+---------+-------+---------+---------+-------
